 Dungeon Crawl Stone Soup version 0.31-a0-1074-g0b22e4e0f1 (webtiles) character file.

Game seed: 11420862743708092279

252 backslashecho the Chopper (level 6, 0/47 HPs)
             Began as a Human Warper on Dec 4, 2023.
             Succumbed to a scorpion's poison
             ... on level 3 of the Dungeon.
             The game lasted 00:06:32 (3436 turns).

backslashecho the Chopper (Human Warper)            Turns: 3436, Time: 00:06:33

Health: 0/47       AC: 11    Str: 13    XL:     6   Next: 36%
Magic:  9/9        EV:  9    Int: 14    God:
Gold:   193        SH:  0    Dex: 15    Spells: 9/9 levels left

rFire   . . .        a - +0 hand axe
rCold   + . .        (no shield)
rNeg    . . .        r - +1 scale mail "Zorakeh" {Will+}
rPois   +            b - +0 helmet
rElec   .            (no cloak)
rCorr   .            q - +0 pair of gloves
SInv    .            k - +0 pair of boots
Will    +....        (no amulet)
Stlth   +            t - ring "Mofe" {rPois rC+ Dex+3 Stlth+}
HPRegen 0.27/turn    (no ring)
MPRegen 0.11/turn

%: no passive effects
@: lethally poisoned (0 -> -5)
A: no striking features
a: no special abilities


You were on level 3 of the Dungeon.
You visited 1 branch of the dungeon, and saw 4 of its levels.

You collected 193 gold pieces.

Inventory:

Hand Weapons
 a - a +0 hand axe (weapon)
Missiles
 d - 7 darts of dispersal
 i - 11 poisoned darts (quivered)
 n - 6 atropa-tipped darts
Armour
 b - a +0 helmet (worn)
 k - a +0 pair of boots (worn)
 q - a +0 pair of gloves (worn)
 r - the +1 scale mail "Zorakeh" (worn) {Will+}
   (You found it on level 3 of the Dungeon)

   Will+:     It increases your willpower.
Jewellery
 t - the ring "Mofe" (left hand) {rPois rC+ Dex+3 Stlth+}
   (You found it on level 3 of the Dungeon)

   [ring of poison resistance]

   Dex+3:     It affects your dexterity (+3).
   rC+:       It protects you from cold.
   rPois:     It protects you from poison Stlth+: It makes you more stealthy.
Scrolls
 c - 2 scrolls of blinking
 h - a scroll of immolation {unknown}
 j - 3 scrolls of teleportation {unknown}
 m - 2 scrolls of identify {unknown}
 o - a scroll of revelation {unknown}
 p - 2 scrolls of amnesia {unknown}
Potions
 e - a potion of invisibility {unknown}
 f - a potion of degeneration {unknown}
 g - 2 potions of curing {unknown}
 l - a potion of ambrosia {unknown}
 s - a potion of attraction {unknown}


   Skills:
 + Level 3.1 Fighting
 * Level 4.0 Axes
 - Level 2.0 Throwing
 + Level 2.6 Armour
 - Level 2.0 Dodging
 - Level 1.0 Unarmed Combat
 - Level 2.0 Spellcasting
 - Level 3.0 Translocations
 + Level 1.5 Invocations


You had 9 spell levels left.
You didn't know any spells.
Your spell library contained the following spells:

 Spells                   Type           Power      Damage    Failure   Level
 Blink                    Tloc           18%        N/A       43%         2
 Lesser Beckoning         Tloc           18%        N/A       43%         2
 Teleport Other           Tloc           9%         N/A       67%         3
 Manifold Assault         Tloc           9%         N/A       97%         4
 Vhi's Electric Charge    Tloc/Air       10%        N/A       99%         4


Dungeon Overview and Level Annotations

Branches:
Dungeon (4/15)
 Temple: D:4-7

Altars:
Yredelemnul

Shops:
D:1 (


Message History

The orc wizard hits you with a +0 dagger.
You closely miss the scorpion.
The scorpion is almost dead.
You barely miss the orc. You hit the orc.
You hit the orc wizard but do no damage.
You barely miss the orc. The scorpion barely misses you.
The orc hits you with a +0 hand axe. The orc closely misses you.
The orc wizard hits you but does no damage.
The orc hits you with a +0 flail.
The scorpion stings you but does no damage.
You closely miss the scorpion.
The scorpion is almost dead.
You hit the orc wizard. You barely miss the orc.
You hit the orc but do no damage. You barely miss the orc.
The orc hits you with a +0 hand axe. The orc wizard barely misses you.
The orc hits you with a +0 flail. x2; The scorpion stings you.
You are poisoned.
The scorpion poisons you!
You slash the scorpion!
You kill the scorpion!
You hit the orc.
You kill the orc!
You closely miss the orc wizard. You hit the orc but do no damage. x2
You feel very sick. The orc hits you with a +0 flail.
The orc wizard hits you but does no damage.
The orc barely misses you.
Your Axes skill increases to level 4!
You hit the orc wizard but do no damage.
The orc wizard is moderately wounded.
You hit the dart slug. You closely miss the orc. You hit the orc.
You completely miss the orc.
You feel very sick. The orc wizard barely misses you.
The orc barely misses you. The orc hits you with a +0 war axe.
* * * LOW HITPOINT WARNING * * *
The orc hits you but does no damage.
You are too injured to fight recklessly!
You are too injured to fight recklessly!
You are too injured to fight recklessly!
You take 24 damage, and have 14/47 hp.
MASSIVE DAMAGE!!
You feel sick.
The orc wizard points at you and mumbles some strange words.
The magic dart hits you!
* * * LOW HITPOINT WARNING * * *
The orc hits you but does no damage. The orc hits you with a +0 war axe.
* * * LOW HITPOINT WARNING * * *
The orc closely misses you. The dart slug closely misses you.
You climb upwards.
You die...

##.#..#.##.#...##.#.####.#.#.#
.#.##.#.##.#...##.#.# #.#.#.#
.#.......#.#...##.#.# #.#.#.#
.#..####.#.#...##.#.# #.#.#.#
###.# ##.#.#...##.#.# #.#.#.#
##..# #....#...##.#.####.#[#.#
##.## #........##.#......#.#.#
#..# #..........o.........#.#
#.######.#.#...o@.#..#######.#
#..............oow#..#######.#
##..####...#............(....#
.#................#..#########
.#.#.###.....#....#.....#
.#.#..##.....#....#...#.########
##.#...#........<.#............#
##.#.......#....#.#.#.#.######.#
##.#.......#.#..#.#.#.#.# #.#


You could see an orc wizard, a dart slug and 3 orcs.

Vanquished Creatures
  A scorpion (D:4)
  A hound (D:3)
  A sleepcap (D:3)
  Robin (D:2)
  4 adders
  A worm (D:2)
  2 dart slugs (D:2)
  2 orcs
  3 ball pythons
  2 endoplasms (D:1)
  18 goblins
  7 hobgoblins
  7 jackals
  4 kobolds
  8 quokkas
  6 bats
  3 frilled lizards
  6 rats
77 creatures vanquished.

Notes
Turn   | Place    | Note
-------+----------+-------------------------------------------
     0 | D:1      | backslashecho the Human Warper began the quest for the Orb.
     0 | D:1      | Reached XP level 1. HP: 16/16 MP: 3/3
   170 | D:1      | Reached XP level 2. HP: 22/22 MP: 5/5
   467 | D:1      | Reached XP level 3. HP: 26/27 MP: 6/6
   478 | D:1      | Found Yryew's Antique Weapon Boutique.
  1069 | D:2      | Reached skill level 1 in Unarmed Combat
  1153 | D:2      | Reached XP level 4. HP: 32/34 MP: 7/7
  1174 | D:2      | Noticed Robin
  1225 | D:2      | Killed Robin
  1226 | D:2      | Reached skill level 3 in Axes
  1532 | D:2      | Found a faded altar of an unknown god.
  1663 | D:2      | Reached XP level 5. HP: 33/39 MP: 8/8
  2602 | D:3      | Identified the +1 scale mail "Zorakeh" {Will+}
  2955 | D:3      | Found a basalt altar of Yredelemnul.
  3156 | D:3      | Reached skill level 1 in Invocations
  3156 | D:3      | Reached XP level 6. HP: 14/47 MP: 9/9
  3303 | D:3      | Identified the ring "Mofe" {rPois rC+ Dex+3 Stlth+}
  3434 | D:4      | Reached skill level 4 in Axes
  3435 | D:4      | HP: 1/47 [orc/+0 war axe (3)]
  3436 | D:3      | Succumbed to a scorpion's poison

Illustrated notes

Levels and vault maps discovered:
D:1:      lemuel_arrival_broad_hall, layout_rooms, serial_co_window_serial,
          co_window_corner_a, co_window_corner_a, co_window_corner_a,
          co_window_paths_b, co_window_paths_a, co_window_corner_a,
          co_window_paths_a, co_window_of_opportunity_c, co_window_broadway_c,
          co_window_paths_c, co_window_paths_d, glass_columns_a, serial_shops,
          shop, glass_columns_a, nrook_loot_triangle, kennysheep_pointless_box,
          hangedman_decor_riveting
D:2:      layout_basic, hellmonk_ecumenical_altar_crossroads, uniq_robin
D:3:      minmay_octagon_keep, layout_basic, lemuel_coloured_pillars_altar,
          patterned_corridor
D:4:      layout_cave_pools, overflow_temple_1_default,
          minmay_temple_entry_enclosed_plants, serial_shops,
          nicolae_shop_tiny_glass

Skill      XL: |  1  2  3  4  5  6 |
---------------+-------------------+-----
Unarmed Combat | 1 |  1.0
Axes           | 3 4 |  4.0
Armour         | 2 |  2.6
Throwing       | 2 |  2.0
Fighting       | 3 |  3.1
Invocations    | 1 |  1.5
Dodging        | |  2.0
Spellcasting   | |  2.0
Translocations | |  3.0

Action                     |  1- 3 |  4- 6 || total
---------------------------+-------+-------++-------
  Melee: Hand axe          |    84 |   282 ||   366
         Punch             |     1 |     3 ||     4
    Use: Potion            |       |     1 ||     1
 Armour: Leather armour    |    55 |       ||    55
         Ring mail         |     8 |    36 ||    44
         Chain mail        |       |   160 ||   160
         Scale mail        |       |    71 ||    71
  Dodge: Dodged            |    52 |   134 ||   186

Table legend: (Time is in decaauts)
 A = Elapsed time spent in this place.
 B = Non-inter-level travel time spent in this place.
 C = Inter-level travel time spent in this place.
 D = Time resting spent in this place.
 E = Time spent auto-exploring this place.
 F = Levels seen in this place.
 G = Mean time per level.
                   A        B        C        D        E       F      G
               +--------+--------+--------+--------+--------+-----+--------+
         Total |   3496 |   3395 |    101 |    466 |   2051 |   4 |  874.0 |
       Dungeon |   3496 |   3395 |    101 |    466 |   2051 |   4 |  874.0 |
               +--------+--------+--------+--------+--------+-----+--------+

Top non-repeatable levels by time:
     D:3: 1464 daAuts
     D:2: 1052 daAuts
     D:1: 945 daAuts
     D:4: 33 daAuts
